AoeStats
← Chigüiro

African Clearing

510643133Analyzed
4v4 RM · 9h ago on Oct 1, 2026· 42m 3s· 8 players
Game mode
Random Map
Map size
Large (8 player)
Population
200
Speed
Normal
Resources
Standard
Victory
Conquest
Starting age
Dark Age
Ending age
Imperial Age
RankedLock teamsTeams togetherTeam positionsShared explorationLock speedFull tech treeHidden civsTurbo modeCheats
Victory
Defeat
🇹🇷 Koreans · Türkiye
1797
+11
🇹🇷 Varangians · Türkiye
1762
+12
🇹🇷 Khitans · Türkiye
1742
+13
🇹🇷 Mapuche · Türkiye
1599
+18
🇦🇷 Malay · Argentina
1787
-18
1716
-15
🇨🇴 Spanish · Colombia
1594
-11
🇵🇪 Vietnamese · Peru
1574
-10
Chigüiro
5:52 Loom
12:10 Feudal Age
13:12 Town Watch
19:03 Fletching
20:40 Double-Bit Axe
29:32 Castle Age
27:43 Horse Collar
30:49 Bodkin Arrow
32:45 Guard Tower
36:52 Stone Mining
CTMl cachi
4:12 Loom
14:16 Feudal Age
17:20 Castle Age
15:43 Double-Bit Axe
17:31 Town Watch
33:27 Bow Saw
36:37 Wheelbarrow
36:01 Gold Mining
36:18 Fletching
36:36 Elite Skirmisher
38:13 Bodkin Arrow
38:19 Padded Archer Armor
39:30 Ballistics
41:57 Imperial Age
39:19 Crossbowman
40:45 Gold Shaft Mining
41:37 Bracer
42:41 Chemistry
CTM | KanChon
13:00 Feudal Age
12:09 Loom
14:35 Double-Bit Axe
17:21 Castle Age
15:24 Fletching
16:57 Horse Collar
27:15 Town Watch
31:49 Bow Saw
33:03 Wheelbarrow
33:43 Bodkin Arrow
34:33 Hand Cart
38:32 Gold Mining
43:14 Imperial Age
41:46 Ballistics
CTM | Lelouch Jogo Bonito
11:29 Feudal Age
12:27 Loom
15:08 Castle Age
14:14 Double-Bit Axe
31:53 Redemption
37:50 Ballistics
Théoden
13:17 Feudal Age
14:20 Stone Mining
17:27 Castle Age
15:42 Double-Bit Axe
16:35 Fletching
18:26 Bow Saw
18:12 Bodkin Arrow
19:29 Loom
20:55 Ballistics
21:49 Padded Archer Armor
30:53 Wheelbarrow
33:56 Hand Cart
37:53 Imperial Age
36:20 Leather Archer Armor
36:22 Town Watch
36:36 Gold Mining
36:28 Horse Collar
38:02 Malon
37:54 Elite Bolas Rider
39:44 Ring Archer Armor
40:32 Town Patrol
41:31 Conscription
41:14 Heavy Plow
42:39 Chemistry
Jrfear
8:23 Loom
11:57 Feudal Age
12:28 Double-Bit Axe
17:37 Forging
20:57 Scale Barding Armor
30:24 Castle Age
28:34 Domestication
30:54 Town Watch
36:01 Bow Saw
37:44 Wheelbarrow
40:14 Pastoralism
40:15 Gold Mining
40:34 Husbandry
39:55 Light Cavalry
42:09 Iron Casting
42:14 Chain Barding Armor
42:36 Hand Cart
Patoshiq
9:34 Loom
10:44 Loom
12:47 Feudal Age
13:47 Double-Bit Axe
16:47 Castle Age
31:20 Bow Saw
lalalalala
13:04 Feudal Age
11:28 Loom
16:54 Castle Age
14:56 Double-Bit Axe
15:36 Gold Mining
18:05 Bow Saw
17:51 Fletching
17:58 Fletching
19:46 Horse Collar
22:38 Bodkin Arrow
25:32 Wheelbarrow
29:36 Ballistics
37:47 Imperial Age
36:49 Treadmill Crane
37:49 Gold Shaft Mining
37:43 Hand Cart
37:52 Husbandry
38:59 Conscription
40:43 Two-Man Saw
40:10 Thumb Ring
40:10 Elite War Wagon
42:15 Chemistry
41:50 Coinage
41:25 Bracer
Connection lost

Rejoining the realm…

Still unreachable

The connection could not be restored.

Session expired

The server has moved on; the page needs a fresh start.